 Dungeon Crawl Stone Soup version 0.29.1-12-g30fa7ad0bf (webtiles) character file.

Game seed: 12991380791168258081

1029 cheesebisquit the Cleaver (level 8, 0/66 HPs)
             Began as a Minotaur Berserker on Jan 7, 2023.
             Was a Follower of Trog.
             Killed from afar by Blork the orc (3 damage)
             ... with a puff of flame
             ... on level 4 of the Dungeon.
             The game lasted 00:15:55 (4607 turns).

cheesebisquit the Cleaver (Minotaur Berserker)      Turns: 4607, Time: 00:15:56

Health: 0/66       AC:  5    Str: 22 (24) XL:     8   Next: 3%
Magic:  7/7        EV: 11    Int:  2 (4)  God:    Trog [*.....]
Gold:   125        SH:  0    Dex:  8 (10) Spells: 7/7 levels left

rFire   . . .      SeeInvis .   a - +0 hand axe
rCold   . . .      Faith    .   (no shield)
rNeg    . . .      Spirit   .   g - +0 ring mail
rPois   .          Reflect  .   (helmet restricted)
rElec   .          Harm     .   (no cloak)
rCorr   .          Rampage  .   (no gloves)
Will    .....                   (no boots)
Stlth   ..........              (no amulet)
HPRegen 0.21/turn               (no ring)
MPRegen 0.10/turn               (no ring)

@: about to teleport, on berserk cooldown
A: horns 2, retaliatory headbutt
a: Renounce Religion, Berserk


You were on level 4 of the Dungeon.
You worshipped Trog.
Trog was aware of your devotion.
You visited 1 branch of the dungeon, and saw 4 of its levels.

You collected 165 gold pieces.
You spent 40 gold pieces at shops.

Inventory:

Hand Weapons
 a - a +0 hand axe (weapon)
Missiles
 h - 5 poisoned darts (quivered)
 j - 40 stones
Armour
 g - a +0 ring mail (worn)
Jewellery
 i - an amulet of regeneration
Wands
 w - a wand of flame (12)
Scrolls
 b - a scroll of summoning {unknown}
 k - 2 scrolls of fear {unknown}
 p - 2 scrolls of acquirement {unknown}
 s - a scroll of noise {unknown}
 t - 2 scrolls of enchant weapon {unknown}
Potions
 c - a potion of lignification {unknown}
 d - 3 potions of magic
 e - a potion of haste {unknown}
 f - a potion of mutation
 l - a potion of might {unknown}
 n - a potion of attraction {unknown}
 o - a potion of heal wounds {unknown}
 q - a potion of ambrosia {unknown}
 r - a potion of flight
 u - a potion of cancellation {unknown}
 v - 2 potions of degeneration
 x - a potion of brilliance


   Skills:
 - Level 3.8 Fighting
 + Level 11.5 Axes
 - Level 2.7 Armour
 - Level 2.4 Dodging


You had 7 spell levels left.
You didn't know any spells.
Your spell library was empty.

Dungeon Overview and Level Annotations

Branches:
Dungeon (4/15)
 Temple: D:4-7

Altars:
Makhleb

Shops:
D:2 ?

Annotations:
D:4 Blork the orc, Grinder


Innate Abilities, Weirdness & Mutations

You have a pair of horns on your head.
You reflexively headbutt those who attack you in melee.


Message History

You feel yourself moving faster!
You feel mighty!
You barely miss the ogre.
The ogre is heavily wounded.
The ogre closely misses you.
You hit the ogre. You headbutt the ogre!
You kill the ogre!
Trog accepts your kill.
You have reached level 8!
You feel stronger.
There is a stone staircase leading up, spattered with blood here.
You see here a +0 giant spiked club.
You start resting.
You feel a strong urge to attack something.
You start resting.
You feel your anger nearly subside.
You start resting.
You are no longer berserk.
You are exhausted.
You feel yourself slow down.
Blork the orc is nearby!
Blork the orc shouts!
Blork the orc mumbles some strange words.
Blork the orc seems to speed up.
Blork the orc miscasts a cantrip.
You see here a +0 robe.
You feel yourself speed up. Blork the orc casts a spell at you.
The puff of flame hits you!
* * * LOW HITPOINT WARNING * * *
You closely miss Blork the orc. You headbutt Blork the orc.
Blork the orc is lightly wounded.
Blork the orc points at you and mumbles some strange words.
The magic dart hits you.
* * * LOW HITPOINT WARNING * * *
As you read the scroll of teleportation, it crumbles to dust.
You feel strangely unstable.
Blork the orc zaps a wand.
The puff of flame hits you.
* * * LOW HITPOINT WARNING * * *
Blork the orc zaps a wand.
The puff of flame hits you.
You die...

#....#############
#...............##
#.......P.#####.##
#####...~~~~P.#.☼.#..#
##...#...PP....#...#...
##........~~~~..##'##.##
#........P.......)....#
#....^..............).#
#...<[.@o...#.#########
##...)........##
##.....###.......##...
#.......####..#...#.##
#.......# #.#...#...#
#.......###...#.....#
##........#.#...#....#
#.......#.....#......#
#............<.........


You could see Blork the orc (fast).

Vanquished Creatures
  Pikel (D:4)
  2 ogres
  A centaur (D:3)
  2 lemures (D:4)
  2 hounds (D:4)
  An iguana (D:4)
  Natasha (thrice) (D:3)
  3 gnolls
  3 adders
  2 worms
  2 dart slugs
  4 orcs (D:3)
  5 ball pythons
  5 bats
  7 endoplasms
  3 giant cockroaches
  9 hobgoblins
  3 kobolds
  6 quokkas
  7 goblins
  5 rats
76 creatures vanquished.

Vanquished Creatures (others)
  5 fungi (D:4)
5 creatures vanquished.

Grand Total: 81 creatures vanquished

Notes
Turn   | Place    | Note
-------+----------+-------------------------------------------
     0 | D:1      | cheesebisquit the Minotaur Berserker began the quest for
                  | the Orb.
     0 | D:1      | Reached XP level 1. HP: 19/19 MP: 0/0
   234 | D:1      | Found a faded altar of an unknown god.
  1278 | D:2      | Reached XP level 2. HP: 27/27 MP: 1/1
  1284 | D:2      | Reached skill level 4 in Axes
  1456 | D:2      | Found Jamiuv's Magic Scroll Boutique.
  1485 | D:2      | Bought a scroll of identify for 20 gold pieces
  1485 | D:2      | Bought a scroll of identify for 20 gold pieces
  1515 | D:2      | Reached XP level 3. HP: 30/33 MP: 2/2
  1844 | D:3      | Reached skill level 5 in Axes
  1872 | D:3      | Noticed an ogre
  1880 | D:3      | Killed an ogre
  1881 | D:3      | Reached skill level 6 in Axes
  1881 | D:3      | Reached XP level 4. HP: 14/40 MP: 3/3
  2126 | D:3      | Reached XP level 5. HP: 46/46 MP: 4/4
  2128 | D:3      | Noticed a centaur
  2140 | D:3      | Killed a centaur
  2141 | D:3      | Reached skill level 7 in Axes
  2146 | D:3      | Reached ** piety under Trog
  2388 | D:3      | Noticed Natasha
  2398 | D:3      | Killed Natasha
  2518 | D:3      | Reached XP level 6. HP: 52/52 MP: 5/5
  2551 | D:3      | Noticed Natasha
  2564 | D:3      | Killed Natasha
  2565 | D:3      | Reached skill level 8 in Axes
  2858 | D:3      | Noticed Natasha
  2863 | D:3      | Killed Natasha
  3143 | D:4      | HP: 2/52 [iguana (12)]
  3883 | D:4      | Reached skill level 9 in Axes
  3906 | D:4      | Found a burning altar of Makhleb.
  4056 | D:4      | Noticed Pikel
  4076 | D:4      | Killed Pikel
  4077 | D:4      | Reached skill level 11 in Axes
  4077 | D:4      | Reached XP level 7. HP: 50/58 MP: 6/6
  4215 | D:4      | Noticed Grinder
  4219 | D:4      | Noticed Blork the orc
  4231 | D:4      | Paralysed by Grinder for 5 turns
  4571 | D:4      | Reached XP level 8. HP: 17/66 MP: 7/7
  4607 | D:4      | HP: 3/66 [Blork the orc/puff of flame (2)]
  4607 | D:4      | Killed from afar by Blork the orc

Illustrated notes

Levels and vault maps discovered:
D:1:      kilobyte_arrival_exit_the_forest, layout_loops_ring,
          ebering_ecumenical_altar_petrified, chequers_serial_rivers_micro_e
D:2:      layout_rooms, serial_shops, shop
D:3:      layout_loops_ring, nrook_loot_triangle, uniq_natasha
D:4:      layout_rooms, mainiacjoe_overflow_catwalk, serial_shops,
          nicolae_shop_statue_plus, reono_crystal_passage,
          minmay_misc_feat_square, hex_tiny, grunt_decor_one_mirror,
          grunt_ministairs_5, dreamdust_gnoll_farm, uniq_blork_the_orc,
          uniq_grinder, uniq_ijyb, uniq_pikel

Skill      XL: |  1  2  3  4  5  6 |
---------------+-------------------+-----
Axes           | 4 6 7 11 | 11.5
Fighting       | |  3.8
Armour         | |  2.7
Dodging        | |  2.4

Action                   |  1- 3 |  4- 6 |  7- 9 || total
-------------------------+-------+-------+-------++-------
Melee: Hand axe          |    70 |   135 |    12 ||   217
       Headbutt          |     9 |    23 |     4 ||    36
       Punch             |     1 |       |       ||     1
Invok: Berserk           |     3 |     5 |     1 ||     9
       Trog's Hand       |       |     7 |       ||     7
  Use: Scroll            |     3 |     1 |     2 ||     6
       Potion            |       |     2 |     3 ||     5
Armor: Ring mail         |    27 |    34 |       ||    61
       Animal skin       |     1 |       |       ||     1
Dodge: Dodged            |    29 |    91 |     8 ||   128
